 Dungeon Crawl Stone Soup version 0.28-a0-1374-ga75cb3825e (webtiles) character file.

Game seed: 2279912778388951488

398 Teslajakalope the Covered (level 6, -2/56 HPs)
             Began as a Minotaur Fighter on Dec 31, 2021.
             Slain by a gnoll (3 damage)
             ... on level 4 of the Dungeon.
             The game lasted 00:10:14 (3151 turns).

Teslajakalope the Covered (Minotaur Fighter)        Turns: 3151, Time: 00:10:14

Health: -2/56      AC: 12    Str: 22    XL:     6   Next: 53%
Magic:  5/5        EV: 17    Int:  5    God:
Gold:   92         SH:  0    Dex: 10    Spells: 5/5 levels left

rFire   . . .      SeeInvis .   (weapon currently unavailable)
rCold   . . .      Faith    .   (shield currently unavailable)
rNeg    + + +      Spirit   .   (armour currently unavailable)
rPois   +          Reflect  .   (helmet currently unavailable)
rElec   .          Harm     .   (cloak currently unavailable)
rCorr   .          Rampage  .   (gloves currently unavailable)
Will    .....                   (boots currently unavailable)
Stlth   +.........              p - amulet of regeneration
HPRegen 0.98/turn               (no ring)
MPRegen 0.09/turn               (no ring)

@: fungus-form
A: melee confuse, terrified, no casting, tiny, (horns 2), (retaliatory headbutt)
a: no special abilities


You were on level 4 of the Dungeon.
You were a sentient fungus.
You visited 1 branch of the dungeon, and saw 4 of its levels.

You collected 92 gold pieces.

Inventory:

Hand Weapons
 a - a +0 war axe (melded)
 n - a +2 rapier of electrocution
Armour
 b - a +0 scale mail (melded)
 c - a +0 buckler (melded)
 j - a +0 pair of boots (melded)
Jewellery
 p - an amulet of regeneration (around neck)
 q - a ring of wizardry
Scrolls
 g - 4 scrolls of teleportation {unknown}
 h - a scroll of immolation {unknown}
 i - a scroll of magic mapping {unknown}
 k - a scroll of fear {unknown}
 o - a scroll of blinking {unknown}
Potions
 d - a potion of might
 e - 3 potions of berserk rage {unknown}
 f - 3 potions of curing {unknown}
 l - a potion of heal wounds {unknown}
 m - a potion of brilliance {unknown}


   Skills:
 + Level 5.4 Fighting
 + Level 4.7 Axes
 + Level 5.4 Armour
 + Level 5.4 Shields


You had 5 spell levels left.
You didn't know any spells.
Your spell library contained the following spells:

 Spells                   Type           Power      Damage    Failure   Level
 Gell's Gravitas          Tloc           0%         N/A       85%         3
 Lesser Beckoning         Tloc           0%         N/A       85%         3
 Teleport Other           Tloc           0%         N/A       85%         3


Dungeon Overview and Level Annotations

Branches:
Dungeon (4/15)
 Temple: D:4-7

Altars:

Shops:
D:4 =

Annotations:
D:4 1 transporter, frimble's ghost, amateur DsWr


Innate Abilities, Weirdness & Mutations

You are a sentient fungus.
You are tiny and evasive.
Your melee attack releases spores that confuse breathing creatures.
You become terrified and freeze when enemies are visible.
Your armour is entirely melded.
You are incapable of wielding weapons or throwing items.
You cannot cast spells.
((You have a pair of horns on your head.))
((You reflexively headbutt those who attack you in melee.))


Message History

The gnoll sergeant completely misses you.
The gnoll zaps a wand.
You turn into a sentient fungus.
Your +0 war axe melds into your body.
Your +0 pair of boots melds into your body.
Your +0 buckler melds into your body.
Your +0 scale mail melds into your body.
The gnoll hits you from afar with a +0 vampiric spear.
The gnoll sergeant hits you from afar with a +6 spear of pain.
You're too terrified to move while being watched!
You're too terrified to move while being watched!
You're too terrified to move while being watched!
Unknown command.
Unknown command.
You're too terrified to move while being watched!
You're too terrified to move while being watched!
You're too terrified to move while being watched!
You're too terrified to move while being watched!
You're too terrified to move while being watched!
The gnoll closely misses you. The gnoll misses you. x2
The gnoll sergeant hits you from afar with a +6 spear of pain.
You're too terrified to move while being watched!
You're too terrified to move while being watched!
You're too terrified to move while being watched!
There are monsters nearby!
The gnoll hits you but does no damage. The gnoll misses you.
The gnoll completely misses you.
The gnoll sergeant hits you from afar with a +6 spear of pain!
You're too terrified to move while being watched!
The gnoll zaps a wand.
You resist with some effort. The gnoll hits you but does no damage.
The gnoll barely misses you.
The gnoll sergeant hits you from afar with a +6 spear of pain.
* * * LOW HITPOINT WARNING * * *
The gnoll zaps a wand.
The gnoll misses you.
The gnoll hits you with a +1 halberd of pain!
* * * LOW HITPOINT WARNING * * *
The gnoll sergeant hits you but does no damage.
The gnoll hits you from afar with a +0 halberd.
* * * LOW HITPOINT WARNING * * *
The gnoll hits you from afar with a +0 vampiric spear.
You die...

........≈≈####.....####≈≈.#
####[...≈≈#..#8###8#..#≈≈.#
#....≈≈##.###.###.##≈≈.#
#....≈≈#W..........#≈≈.#
#....≈≈###.##'##.###≈≈.#
#....≈≈..#g#...#.#..≈≈.#
#....≈≈.##.#⌠g⌠#.##.≈≈.#
#....≈≈.#©.#...#..#.≈≈.#
#....≈≈.##.##f##.##.≈≈.#
#........#.#.g.#.#..≈≈.#
#.......©#.g.©.g.#©.≈≈.##
###......#.#8⌠8#.#..≈≈..#
#..≈≈.##.#####.##.≈≈..#
#..≈≈.#..# #g.#.≈≈..#
#..≈≈.##. #.##.≈≈..#
#..≈≈..#g #.#..≈≈..#
#.[≈≈###.##'##.###≈≈..#


You could see a gnoll sergeant and 3 gnolls.

Vanquished Creatures
  Sigmund (D:4)
  A water moccasin skeleton (D:4)
  2 orc wizards (D:3)
  3 adders
  An adder skeleton (D:4)
  2 worms
  2 dart slugs
  10 orcs
  5 ball pythons
  10 endoplasms
  9 giant cockroaches
  8 hobgoblins
  8 jackals
  A kobold (D:2)
  6 quokkas
  5 bats (D:1)
  2 frilled lizards
  11 goblins
  7 rats
94 creatures vanquished.

Vanquished Creatures (others)
  6 plants (D:4)
6 creatures vanquished.

Grand Total: 100 creatures vanquished

Notes
Turn   | Place    | Note
-------+----------+-------------------------------------------
     0 | D:1      | Teslajakalope the Minotaur Fighter began the quest for the
                  | Orb.
     0 | D:1      | Reached XP level 1. HP: 19/19 MP: 0/0
     1 | D:1      | Found a runed translucent door.
   157 | D:1      | Reached XP level 2. HP: 27/27 MP: 1/1
   530 | D:1      | Reached XP level 3. HP: 33/33 MP: 2/2
  1079 | D:2      | Reached XP level 4. HP: 31/41 MP: 3/3
  1454 | D:3      | Found a faded altar of an unknown god.
  1552 | D:3      | Reached XP level 5. HP: 9/47 MP: 4/4
  2529 | D:4      | Reached skill level 5 in Fighting
  2529 | D:4      | Reached skill level 5 in Armour
  2529 | D:4      | Reached skill level 5 in Shields
  2558 | D:4      | Found Mycuth's Jewellery Shop.
  2566 | D:4      | Identified the +3 ring mail "Waijof" {rC+ Dex+2}
  2769 | D:4      | Noticed Sigmund
  2827 | D:4      | Killed Sigmund
  2828 | D:4      | Reached XP level 6. HP: 21/56 MP: 5/5
  2960 | D:4      | Found a transporter.
  2967 | D:4      | Found a transporter.
  2989 | D:4      | Noticed frimble's ghost (amateur DsWr)
  3151 | D:4      | HP: 1/56 [gnoll (6)]
  3151 | D:4      | Slain by a gnoll

Illustrated notes

Levels and vault maps discovered:
D:1:      dpeg_arrival_caged_fury, layout_basic
D:2:      layout_rooms, grunt_decor_resistance, minmay_misc_feat_chi,
          moated_statue, chequers_serial_rivers_micro_e
D:3:      layout_basic, hellmonk_ecumenical_altar_dog_temple, minmay_vboxes
D:4:      layout_basic, serial_shops, shop, gammafunk_ghost_gnarly_gnolls,
          sigmund_army

Skill      XL: |  1  2  3  4  5 |
---------------+----------------+-----
Shields        | 4 5 |  5.4
Armour         | 4 5 |  5.4
Fighting       | 4 5 |  5.4
Axes           | 3 4 |  4.7

Action                   |  1- 3 |  4- 6 || total
-------------------------+-------+-------++-------
Melee: War axe           |    94 |   101 ||   195
       Headbutt          |     7 |    21 ||    28
Armor: Scale mail        |    57 |    56 ||   113
       Skin              |       |     3 ||     3
Dodge: Dodged            |    63 |    36 ||    99
Block: Buckler           |    33 |    16 ||    49

Table legend: (Time is in decaauts)
 A = Elapsed time spent in this place.
 B = Non-inter-level travel time spent in this place.
 C = Inter-level travel time spent in this place.
 D = Time resting spent in this place.
 E = Time spent auto-exploring this place.
 F = Levels seen in this place.
 G = Mean time per level.
                   A        B        C        D        E       F      G
               +--------+--------+--------+--------+--------+-----+--------+
         Total |   3215 |   3082 |    133 |    198 |   2221 |   4 |  803.8 |
       Dungeon |   3215 |   3082 |    133 |    198 |   2221 |   4 |  803.8 |
               +--------+--------+--------+--------+--------+-----+--------+

Top non-repeatable levels by time:
     D:3: 1075 daAuts
     D:1: 908 daAuts
     D:4: 687 daAuts
     D:2: 544 daAuts
